 Dungeon Crawl Stone Soup version 0.29-a0-473-gacb4ef3bc5 (webtiles) character file.

Game seed: 6585408537210463888

45336 Bruhh the Warrior (level 14, -7/190 HPs)
             Began as an Ogre Transmuter on May 23, 2022.
             Was a High Priest of Wu Jian.
             Mangled by a yak (12 damage)
             ... on level 6 of the Lair of Beasts.
             The game lasted 00:28:43 (24995 turns).

Bruhh the Warrior (Ogre Transmuter)                Turns: 24995, Time: 00:28:43

Health: -7/190     AC:  8    Str: 23    XL:     14   Next: 32%
Magic:  6/26       EV: 16    Int: 18    God:    Wu Jian [*****.]
Gold:   2969       SH:  0    Dex:  9    Spells: 6/29 levels left

rFire   x . .      SeeInvis .     - Unarmed
rCold   + + +      Faith    .   (shield currently unavailable)
rNeg    . . .      Spirit   .   (body armour currently unavailable)
rPois   +          Reflect  .   (helmet currently unavailable)
rElec   .          Harm     .   (cloak currently unavailable)
rCorr   .          Rampage  .   (gloves unavailable)
Will    +....                   (boots unavailable)
Stlth   +.........              (no amulet)
HPRegen 0.41/turn               c - +6 ring of strength
MPRegen 0.20/turn               l - ring of wizardry

@: ice-form, marked, in a heavenly storm, glowing
A: freezing attack, amphibious, boosted hp, large, unfitting armour, (tough skin
1)
a: End Transformation, Renounce Religion, Wall Jump, Serpent's Lash, Heavenly
Storm


You were on level 6 of the Lair of Beasts.
You worshipped Wu Jian.
Wu Jian was extremely pleased with you.
You were a creature of crystalline ice.
You visited 3 branches of the dungeon, and saw 18 of its levels.

You collected 2969 gold pieces.

Inventory:

Missiles
 h - 6 throwing nets
Armour
 a - a +0 robe
 p - a +2 hat (melded)
 y - a +0 troll leather armour (melded)
Jewellery
 b - a ring of protection from cold
 c - a +6 ring of strength (left front paw)
 i - a ring of ice
 l - a ring of wizardry (right front paw)
 q - a ring of flight
 A - a ring of positive energy
 S - a ring of resist corrosion
 T - a ring of protection from fire
Wands
 u - a wand of acid (12)
 v - a wand of paralysis (17)
 z - a wand of digging (8)
 B - a wand of flame (9)
 O - a wand of iceblast (6)
Scrolls
 d - 4 scrolls of teleportation
 e - a scroll of identify
 f - 2 scrolls of silence
 g - 4 scrolls of vulnerability
 j - 4 scrolls of amnesia
 k - 4 scrolls of fear
 m - 2 scrolls of fog
 o - a scroll of blinking
 r - a scroll of noise
 w - a scroll of torment
 x - 3 scrolls of enchant armour
 C - a scroll of poison
 G - a scroll of immolation
 I - 2 scrolls of summoning
 M - a scroll of brand weapon
Potions
 n - 4 potions of flight
 s - 2 potions of mutation
 t - a potion of ambrosia
 E - 2 potions of cancellation
 H - 6 potions of haste
 J - 2 potions of degeneration {unknown}
 K - a potion of might {unknown}
 L - 2 potions of brilliance
 N - a potion of heal wounds {unknown}
 P - a potion of attraction {unknown}
 Q - a potion of resistance {unknown}
 U - a potion of lignification
Miscellaneous
 D - a tin of tremorstones (2/2)
 F - a phial of floods
 V - a condenser vane


   Skills:
 - Level 15.0 Fighting
 - Level 1.7 Dodging
 - Level 15.0 Unarmed Combat
 - Level 8.0 Spellcasting
 + Level 7.8 Translocations
 - Level 8.0 Transmutations
 - Level 5.0 Ice Magic


You had 6 spell levels left.
You knew the following spells:

 Your Spells              Type           Power      Damage    Failure   Level
a - Beastly Appendage     Tmut           72%        N/A       1%          1
b - Spider Form           Tmut/Pois      21%        N/A       2%          3
c - Ice Form              Ice/Tmut       30%        N/A       2%          4
d - Blink                 Tloc           70%        N/A       1%          2
e - Lesser Beckoning      Tloc           35%        N/A       1%          3
f - Manifold Assault      Tloc           35%        N/A       4%          5
g - Alistair's Intoxicat  Tmut/Pois      14%        N/A       21%         5

Your spell library contained the following spells:

 Spells                   Type           Power      Damage    Failure   Level
 Apportation              Tloc           70%        N/A       1%          1
 Wereblood                Tmut           36%        N/A       1%          2
 Passage of Golubria      Tloc           35%        N/A       1%          4
 Sublimation of Blood     Necr           7%         N/A       6%          2
 Hailstorm                Conj/Ice       16%        3d6       14%         4
 Animate Dead             Necr           7%         N/A       34%         4
 Corpse Rot               Necr/Pois/Air  7%         N/A       34%         4
 Dispel Undead            Necr           7%         3d8       34%         4
 Borgnjor's Vile Clutch   Necr/Erth      3%         N/A       69%         5
 Fireball                 Conj/Fire      3%         3d4       69%         5
 Silence                  Hex/Air        3%         N/A       69%         5
 Simulacrum               Ice/Necr       8%         N/A       88%         6
 Death Channel            Necr           3%         N/A       99%         6
 Starburst                Conj/Fire      3%         6d3       99%         6
 Summon Hydra             Summ           3%         N/A       100%        7
 Ignition                 Fire           3%         3d4       100%        8
 Lehudib's Crystal Spear  Conj/Erth      3%         10d3      100%        8


Dungeon Overview and Level Annotations

Branches:
Dungeon (11/15)            Temple (1/1) D:4            Lair (6/6) D:10
  Swamp (0/4) Lair:2        Snake (0/4) Lair:4        Slime (0/5) Lair:5
    Orc: D:9-12

Altars:
Ashenzari
Cheibriados
Fedhas
Gozag
Kikubaaqudgha
Nemelex Xobeh
Okawaru
Qazlal
Ru
Sif Muna
Trog
Vehumet
Wu Jian
Xom

Shops:
D:1 ?   D:4 :(==(   D:6 *   D:8 *

Annotations:
Lair:1 exclusion: 2 oklob plants


Innate Abilities, Weirdness & Mutations

You are a creature of crystalline ice.
You have a powerful freezing melee attack.
You are amphibious.
Your maximum health is increased.
Your armour is entirely melded.
You are incapable of wielding weapons or throwing items.
You are too large for most types of armour.
((You have tough skin. (AC +1)))


Message History

The yak is severely wounded.
You hit the yak. You freeze the yak.
The yak is severely wounded.
You spin and attack the wolf.
You hit the wolf. You freeze the wolf.
The wolf is severely wounded.
The wolf bites you. The wolf misses you.
You hit the lindwurm. You freeze the lindwurm.
The lindwurm is lightly wounded.
The yak barely misses you. The yak gores you!
The lindwurm breathes flames at you. The blast of flame hits you!!!
The fire burns you terribly!
* * * LOW HITPOINT WARNING * * *
The wolf completely misses you.
Okay, then.
You punch the lindwurm! You freeze the lindwurm.
The lindwurm is moderately wounded.
The wolf misses you. The wolf bites you.
* * * LOW HITPOINT WARNING * * *
The wolf bites you but does no damage. The yak misses you.
The yak completely misses you. The lindwurm completely misses you.
The lindwurm barely misses you. The lindwurm closely misses you.
The wolf closely misses you.
You feel better. The wolf closely misses you. The wolf bites you.
* * * LOW HITPOINT WARNING * * *
The wolf bites you.
* * * LOW HITPOINT WARNING * * *
The yak gores you!
* * * LOW HITPOINT WARNING * * *
The yak barely misses you. The wolf barely misses you. The wolf bites you.
* * * LOW HITPOINT WARNING * * *
The lindwurm bites you but does no damage.
The lindwurm claws you.
* * * LOW HITPOINT WARNING * * *
The lindwurm barely misses you.
Blink to where?
Press: ? - help, Dir - move target A komodo dragon comes into view.
As you read the scroll of blinking, it crumbles to dust.
The wolf misses you. The yak barely misses you. The yak gores you!
You die...

#.......... ##.........
.. #...+...... ..# ###
###...#..... ..##
##.###.#.........
.##..###☼☼§#............
.....§§hh§##P.....PP....
.....☼§YY§PY..P....P..##
.....§§YhYk§.........##
.....§§hY§☼☼.........#
.....☼§☼§§○.........##
##.P##§P°.Y☼........# ##
###Y°lY.......##
#h☼°††.....###
#.#........##
...!.h.....##
......h..Y.##


You could see 4 yaks and 4 wolves.

Vanquished Creatures
  3 catoblepae
  A centaur warrior (D:10)
  6 hydras
  Erica (D:10)
  A two-headed ogre (D:10)
  Nergalle (Lair:2)
  Amaemon (Lair:2)
  A deep elf pyromancer (D:10)
  3 lindwurms
  An ugly thing (D:10)
  An elephant (Lair:4)
  6 black mambas
  An orange demon (Lair:2)
  11 cane toads
  A torpor snail (Lair:6)
  Maggie (D:8)
  A freezing wraith (D:10)
  6 komodo dragons
  3 rime drakes
  3 kobold demonologists
  A tengu conjurer (D:10)
  A polar bear (Lair:3)
  4 trolls
  Prince Ribbit (D:7)
  12 blink frogs
  Grinder (D:4)
  A shadow (D:11)
  6 wyverns
  68 yaks
  3 basilisks
  4 steam dragons
  Menkaure (D:5)
  24 water moccasins
  4 orc warriors
  4 ice beasts
  A black bear (D:7)
  3 sky beasts
  An ogre (D:5)
  3 wolves (Lair:5)
  7 centaurs
  A phantom (D:7)
  11 bullfrogs
  23 kobold brigands
  5 gnoll sergeants
  A necrophage (D:6)
  A scorpion (D:4)
  8 wights
  2 killer bees
  4 electric eels (Lair:4)
  4 howler monkeys
  4 hounds
  11 orc priests
  2 gnoll shamans
  4 jellies
  Terence (D:3)
  9 orc wizards
  Natasha (thrice) (D:4)
  6 iguanas
  6 hell rats (Lair:4)
  Robin (D:3)
  25 gnolls
  7 adders
  2 shadow imps (D:7)
  4 ufetubi
  A worm (D:2)
  2 dart slugs
  30 orcs
  9 endoplasms
  5 giant cockroaches
  15 goblins
  7 hobgoblins
  18 jackals
  33 kobolds
  A quokka (D:2)
  9 ball pythons
  4 bats
  6 frilled lizards
  12 rats
  A butterfly (Lair:3)
501 creatures vanquished.

Vanquished Creatures (others)
  A kobold (D:9)
  43 fungi
  76 plants
  9 toadstools
129 creatures vanquished.

Grand Total: 630 creatures vanquished

Notes
Turn   | Place    | Note
-------+----------+-------------------------------------------
     0 | D:1      | Bruhh the Ogre Transmuter began the quest for the Orb.
     0 | D:1      | Reached XP level 1. HP: 19/19 MP: 3/3
   411 | D:1      | Reached XP level 2. HP: 28/28 MP: 3/5
   727 | D:1      | Found Cofata's Magic Scroll Shoppe.
   982 | D:1      | Reached XP level 3. HP: 33/36 MP: 5/7
  1617 | D:1      | Learned a level 3 spell: Spider Form
  1914 | D:2      | Reached XP level 4. HP: 34/44 MP: 8/8
  2532 | D:3      | Noticed Terence
  3594 | D:3      | Reached XP level 5. HP: 48/54 MP: 6/10
  3676 | D:3      | Noticed Robin
  3680 | D:3      | Killed Robin
  3988 | D:3      | Killed Terence
  4501 | D:3      | Reached XP level 6. HP: 51/63 MP: 8/12
  5110 | D:4      | Reached skill level 5 in Fighting
  5574 | D:4      | Found a staircase to the Ecumenical Temple.
  5584 | D:4      | Found Xalahuv's Antique Weapon Emporium.
  5594 | D:4      | Noticed Natasha
  5601 | D:4      | Killed Natasha
  5639 | Temple   | Entered the Ecumenical Temple
  5717 | Temple   | Became a worshipper of the Wu Jian Council
  5757 | D:4      | Found Taokebol's Jewellery Shoppe.
  5764 | D:4      | Noticed Grinder
  5787 | D:4      | Killed Grinder
  5788 | D:4      | Reached skill level 5 in Spellcasting
  5788 | D:4      | Reached XP level 7. HP: 52/74 MP: 12/14
  5860 | D:4      | Noticed Natasha
  5866 | D:4      | Killed Natasha
  5888 | D:4      | Noticed Natasha
  5897 | D:4      | Killed Natasha
  5898 | D:4      | Reached skill level 5 in Unarmed Combat
  6151 | D:4      | Found a radiant altar of Vehumet.
  6173 | D:4      | Found Catsen's Jewellery Boutique.
  6381 | D:4      | Found Roasubil's Book Emporium.
  6634 | D:4      | Learned a level 4 spell: Ice Form
  6680 | D:4      | Found Ohebb's Weapon Emporium.
  6920 | D:4      | You fall into a shaft and drop 1 floor!
  6920 | D:5      | Entered Level 5 of the Dungeon
  6984 | D:5      | Reached * piety under Wu Jian
  6985 | D:5      | Reached XP level 8. HP: 59/87 MP: 11/15
  7600 | D:5      | Noticed Menkaure
  7746 | D:5      | Killed Menkaure
  7817 | D:5      | Identified the +1 robe of the Undertaker {rC++ Int+4}
  8589 | D:6      | Reached XP level 9. HP: 101/101 MP: 12/16
  8644 | D:6      | Reached skill level 10 in Fighting
  8735 | D:6      | Found Magryuda's General Store.
  9115 | D:6      | Reached skill level 1 in Ice Magic
  9819 | D:7      | Found a sacrificial altar of Ru.
 10249 | D:7      | Reached ** piety under Wu Jian
 10286 | D:7      | HP: 5/101 [ice beast (6)]
 10775 | D:7      | Reached XP level 10. HP: 46/102 MP: 9/17
 11677 | D:7      | Noticed Prince Ribbit
 11678 | D:7      | Killed Prince Ribbit
 11699 | D:7      | Reached skill level 5 in Transmutations
 12179 | D:8      | Noticed Maggie
 12536 | D:8      | Killed Maggie
 12784 | D:8      | Reached skill level 5 in Ice Magic
 12846 | D:8      | Found Katerumn's Assorted Antiques.
 13363 | D:8      | Found an iron altar of Okawaru.
 13365 | D:8      | Reached skill level 10 in Unarmed Combat
 13752 | D:9      | Found a blossoming altar of Fedhas.
 13763 | D:9      | Reached *** piety under Wu Jian
 13770 | D:9      | Reached XP level 11. HP: 33/120 MP: 15/18
 14836 | D:10     | Entered Level 10 of the Dungeon
 14875 | D:10     | Found a staircase to the Lair.
 15181 | D:10     | Reached **** piety under Wu Jian
 15267 | D:10     | Noticed Erica
 15312 | D:10     | Killed Erica
 15367 | D:10     | Noticed a centaur warrior
 15442 | D:10     | Killed a centaur warrior
 15458 | D:10     | Noticed a purple ugly thing
 15465 | D:10     | Killed a purple ugly thing
 15576 | D:10     | Found a shimmering altar of Xom.
 15580 | D:10     | Found a shimmering altar of Xom.
 15580 | D:10     | Found a shimmering altar of Xom.
 15625 | D:10     | Found a sparkling altar of Nemelex Xobeh.
 15625 | D:10     | Found an ornate altar of the Wu Jian Council.
 15625 | D:10     | Found a stormy altar of Qazlal.
 15859 | D:10     | Noticed a two-headed ogre
 15867 | D:10     | Killed a two-headed ogre
 15868 | D:10     | Reached skill level 15 in Fighting
 15868 | D:10     | Reached XP level 12. HP: 103/141 MP: 17/19
 16123 | D:10     | Found an ancient bone altar of Kikubaaqudgha.
 17377 | Lair:1   | Entered Level 1 of the Lair of Beasts
 18047 | Lair:1   | Identified the +2 ring mail of Wesynog {Drain Will+ Int+6
                  | Dex+3}
 18251 | Lair:1   | Noticed an eight-headed hydra
 18257 | Lair:1   | Killed an eight-headed hydra
 18905 | Lair:2   | Noticed a catoblepas
 18912 | Lair:2   | Killed a catoblepas
 19023 | Lair:2   | Noticed Nergalle
 19026 | Lair:2   | Noticed Amaemon
 19083 | Lair:2   | Killed Amaemon
 19230 | Lair:2   | Found a staircase to the Swamp.
 19257 | Lair:2   | Reached XP level 13. HP: 149/149 MP: 15/20
 19333 | Lair:2   | Reached ***** piety under Wu Jian
 19896 | Lair:2   | Killed Nergalle
 21267 | Lair:4   | Found a staircase to the Snake Pit.
 21382 | Lair:4   | Reached skill level 15 in Unarmed Combat
 21389 | Lair:4   | Learned a level 2 spell: Blink
 21601 | Lair:4   | Reached skill level 1 in Translocations
 22213 | Lair:4   | Found a runed translucent door.
 22733 | Lair:4   | Identified the +3 robe of Jigsaw {-Tele rN++ SInv Stlth+}
 22841 | Lair:4   | Identified 2 scrolls of acquirement
 22862 | Lair:4   | Acquired 752 gold pieces
 22872 | Lair:4   | Acquired 694 gold pieces
 23269 | Lair:4   | Reached XP level 14. HP: 52/145 MP: 23/26
 23274 | Lair:4   | Learned a level 3 spell: Lesser Beckoning
 23280 | Lair:4   | Learned a level 5 spell: Manifold Assault
 23294 | Lair:4   | Learned a level 5 spell: Alistair's Intoxication
 23609 | Lair:5   | Reached skill level 5 in Translocations
 24593 | Lair:5   | Found a staircase to the Slime Pits.
 24775 | Lair:6   | Entered Level 6 of the Lair of Beasts
 24994 | Lair:6   | HP: 7/190 [yak (9)]
 24995 | Lair:6   | Mangled by a yak

Illustrated notes

Levels and vault maps discovered:
D:1:      enne_arrival_octagon_isle, layout_loops_corners, serial_shops,
          nicolae_lakefront_shop, minmay_close_crescents
D:2:      layout_rooms, minmay_misc_feat_nine_boxes
D:3:      layout_basic, serial_bayou_lake_a, uniq_robin, uniq_terence
D:4:      layout_loops_ring, vehumet_crystals, minmay_temple_entry_glassed_door,
          serial_shops, nicolae_shop_hallway_stairs, kennysheep_mini_moat, shop,
          shop, nicolae_square_shop, minmay_gold_behind_fungi,
          lexackson_kobold_supper, uniq_natasha, uniq_grinder
D:5:      layout_loops_ring, uniq_menkaure
D:6:      layout_loops_ring, serial_shops, shop
D:7:      layout_loops_corners, nicolae_ru_path_of_blood, nzn_random_ring,
          uniq_prince_ribbit1
D:8:      layout_loops_cross, mainiacjoe_overflow_small_starburst, serial_shops,
          shop_fountains, uniq_maggie
D:9:      layout_roguey [special_room_kobold], fedhas_altar_1
D:10:     wander_river, layout_cave_pods, mainiacjoe_overflow_alcove_4,
          doesnt_xom_only_xom, minmay_pinched_square, uniq_erica
D:11:     layout_long_grid, minmay_misc_feat_roman, minmay_splitting_lines,
          minivault_5
Temple:   eino_temple_scatter_basement
Lair:1:   minmay_lair_oklob_chamber, layout_cave_pods
Lair:2:   layout_long_grid, swamp_mist, chequers_serial_rivers_small_a,
          chequers_serial_rivers_large_b, minmay_stone_trees_small,
          uniq_amaemon, uniq_nergalle
Lair:3:   layout_loops_ring, guppyfry_lair_drakes, lemuel_fruit_fields
Lair:4:   gammafunk_lair_enchanted_lake, layout_long_grid,
          minmay_snake_entry_six_corridors, serial_bayou_shore_a
Lair:5:   layout_cave_pods, dpeg_slime_entry_corner
Lair:6:   cheibrodos_lair_end_hotspot, layout_regular_city,
          nicolae_lair_grove_arrangements, nicolae_lair_lindhole

Skill      XL: |  1  2  3  4  5  6  7  8  9 10 11 12 13 14 |
---------------+-------------------------------------------+-----
Transmutations | 2 4 6 8 |  8.0
Fighting       | 2 3 4 5 7 9 10 11 15 | 15.0
Unarmed Combat | 3 4 5 7 8 10 13 15 | 15.0
Spellcasting   | 3 4 5 8 |  8.0
Ice Magic      | 3 5 |  5.0
Translocations | 4 7 |  7.8
Dodging        | |  1.7

Action                   |  1- 3 |  4- 6 |  7- 9 | 10-12 | 13-15 || total
-------------------------+-------+-------+-------+-------+-------++-------
Melee: Unarmed           |   134 |   212 |   287 |   477 |   351 ||  1461
       Kick              |    16 |    13 |       |       |       ||    29
       Headbutt          |    14 |     6 |       |       |       ||    20
       Punch             |     1 |     2 |     2 |     8 |     2 ||    15
 Cast: Beastly Appendage |    27 |    20 |       |       |       ||    47
       Spider Form       |     1 |    15 |    51 |     1 |       ||    68
       Ice Form          |       |       |     2 |    60 |    42 ||   104
       Manifold Assault  |       |       |       |       |    13 ||    13
       Blink             |       |       |       |       |     1 ||     1
Invok: Lunge             |       |       |    19 |    52 |    18 ||    89
       Whirlwind         |       |       |     3 |    40 |    31 ||    74
       Heavenly Storm    |       |       |       |       |     1 ||     1
 Abil: End Transformatio |       |       |       |     2 |     6 ||     8
Evoke: Wand              |       |       |       |       |     2 ||     2
  Use: Scroll            |       |     7 |     1 |     6 |    13 ||    27
       Potion            |       |     5 |     2 |     4 |     1 ||    12
Armor: Robe              |    55 |    34 |    10 |     2 |       ||   101
       Skin              |     2 |    21 |    14 |   124 |    94 ||   255
       Troll leather arm |       |       |       |     4 |     1 ||     5
Dodge: Dodged            |    66 |   118 |   180 |   146 |   152 ||   662

Table legend: (Time is in decaauts)
 A = Elapsed time spent in this place.
 B = Non-inter-level travel time spent in this place.
 C = Inter-level travel time spent in this place.
 D = Time resting spent in this place.
 E = Time spent auto-exploring this place.
 F = Levels seen in this place.
 G = Mean time per level.
                   A        B        C        D        E       F      G
               +--------+--------+--------+--------+--------+-----+--------+
         Total |  24972 |  24515 |    457 |   2389 |  18569 |  18 | 1387.3 |
       Dungeon |  17249 |  16964 |    285 |   1718 |  12862 |  11 | 1568.1 |
        Temple |     87 |     79 |      8 |      0 |     65 |   1 |   87.0 |
          Lair |   7635 |   7472 |    163 |    671 |   5641 |   6 | 1272.5 |
               +--------+--------+--------+--------+--------+-----+--------+

Top non-repeatable levels by time:
     D:7: 2955 daAuts
  Lair:4: 2586 daAuts
     D:3: 2183 daAuts
    D:10: 1700 daAuts
     D:2: 1612 daAuts
     D:1: 1604 daAuts
     D:4: 1456 daAuts
  Lair:2: 1439 daAuts
     D:5: 1339 daAuts
  Lair:1: 1279 daAuts
     D:6: 1248 daAuts
     D:9: 1206 daAuts
  Lair:5: 1173 daAuts
     D:8: 1094 daAuts
  Lair:3: 941 daAuts
